 Dungeon Crawl Stone Soup version 0.31.0-12-g77e489cdc1 (webtiles) character file.

Game seed: 5652810135658959633

1213 lordive the Cruncher (level 8, -2/67 HPs)
             Began as a Minotaur Gladiator on Feb 28, 2024.
             Was a Follower of Okawaru.
             Splashed by a jelly's acid (3 damage)
             ... on level 5 of the Dungeon.
             The game lasted 00:08:56 (4144 turns).

lordive the Cruncher (Minotaur Gladiator)           Turns: 4144, Time: 00:08:57

Health: -2/67      AC:  0    Str: 19    XL:     8   Next: 22%
Magic:  8/8        EV: 10    Int:  7    God:    Okawaru [*.....]
Gold:   334        SH:  0    Dex: 12    Spells: 7/7 levels left

rFire   . . .        a - +0 quarterstaff
rCold   . . .        (shield currently unavailable)
rNeg    . . .        j - +0 chain mail
rPois   .            c - +0 hat
rElec   .            (no cloak)
rCorr   .            (no gloves)
SInv    .            h - +2 pair of boots
Will    .....        (no amulet) Stlth
                     (no ring)
HPRegen 0.31/turn    (no ring)
MPRegen 0.11/turn

%: no passive effects
@: corroded
A: horns 2, retaliatory headbutt
a: Renounce Religion, Heroism


You were on level 5 of the Dungeon.
You worshipped Okawaru.
Okawaru was aware of your devotion.
You visited 2 branches of the dungeon, and saw 6 of its levels.
You also visited: Ossuary.

You collected 418 gold pieces.
You spent 84 gold pieces at shops.

Inventory:

Hand Weapons
 a - a +0 quarterstaff (weapon)
Missiles
 d - 5 throwing nets (quivered)
 e - 2 javelins
Armour
 b - a +0 leather armour
 c - a +0 hat (worn)
 h - a +2 pair of boots (worn)
 j - a +0 chain mail (worn)
 r - a +0 plate armour
Wands
 i - a wand of charming (4)
Scrolls
 f - a scroll of silence
 g - 3 scrolls of fear
 k - a scroll of vulnerability {unknown}
 l - 2 scrolls of enchant weapon
 n - 3 scrolls of teleportation
 o - a scroll of acquirement
 p - a scroll of butterflies {unknown}
 q - 2 scrolls of blinking
 t - a scroll of immolation {unknown}
 y - a scroll of identify
Potions
 m - 4 potions of enlightenment
 s - 2 potions of lignification {unknown}
 u - 2 potions of magic {unknown}
 v - a potion of curing {unknown}
 w - 3 potions of might {unknown}
 x - a potion of attraction {unknown}
 z - a potion of heal wounds {unknown}
 A - a potion of invisibility {unknown}
 B - a potion of mutation {unknown}


   Skills:
 + Level 4.7 Fighting
 + Level 8.3 Staves
 - Level 2.0 Throwing
 + Level 4.7 Armour
 * Level 5.9 Dodging
 * Level 2.4 Invocations


You had 7 spell levels left.
You didn't know any spells.
Your spell library contained the following spells:

 Spells                   Type           Power      Damage    Failure   Level
 Dazzling Flash           Conj/Hex       0%         N/A       100%        3
 Hailstorm                Conj/Ice       0%         3d5       100%        3
 Inner Flame              Hex/Fire       0%         N/A       100%        3
 Volatile Blastmotes      Fire/Tloc      0%         2d10      100%        3
 Brom's Barrelling Bould  Conj/Erth      0%         2d3       100%        4
 Flame Wave               Conj/Fire      0%         2d4       100%        4
 Fulminant Prism          Conj/Alch      0%         3d5       100%        4
 Iskenderun's Mystic Bla  Conj/Tloc      0%         2d3       100%        4
 Sticky Flame             Fire/Alch      0%         2d4       100%        4
 Fireball                 Conj/Fire      0%         3d3       100%        5
 Iskenderun's Battlesphe  Conj           0%         2d6       100%        5
 Conjure Ball Lightning   Conj/Air       0%         3x3d6     100%        6
 Starburst                Conj/Fire      0%         6d3       100%        6
 Orb of Destruction       Conj           0%         9d5       100%        7
 Maxwell's Capacitive Co  Air            0%         ∞         100%        8
 Summon Ice Beast         Ice/Summ       Unusable   N/A       N/A         3
 Sculpt Simulacrum        Ice/Alch       Unusable   N/A       N/A         6

Dungeon Overview and Level Annotations

Branches:
Dungeon (5/15)             Temple (1/1) D:4         Ossuary (visited)

Altars:
Cheibriados
Dithmenos
Elyvilon
Fedhas
Gozag
Hepliaklqana
Makhleb
Okawaru
Qazlal
Ru
Sif Muna
Trog
Uskayaw
Vehumet
Wu Jian
Xom
Zin
The Shining One

Shops:
D:2 ?   D:4 (


Innate Abilities, Weirdness & Mutations

You have a pair of horns on your head.
You reflexively headbutt those who attack you in melee.


Message History

The black bear closely misses you. The black bear claws you.
You hit the jelly.
Your hands burn!
Your headbutt misses the jelly.
The jelly is heavily wounded.
The black bear bites you.
The black bear claws you but does no damage. x2
The jelly hits you but does no damage.
You hit the jelly. The acid corrodes you!
Your hands burn!
The jelly is heavily wounded.
The black bear completely misses you. The black bear claws you.
The black bear closely misses you. The jelly hits you but does no damage.
You hit the jelly.
Your hands burn!
The jelly is severely wounded.
You hit the jelly but do no damage. The acid corrodes you!
Your hands burn!
You headbutt the jelly.
The jelly is severely wounded.
The black bear closely misses you. The black bear claws you.
The black bear barely misses you. The jelly barely misses you.
You hit the jelly but do no damage. The acid corrodes you!
Your hands burn!
The jelly is severely wounded.
The black bear barely misses you. You furiously retaliate!
You headbutt the black bear, but do no damage.
The black bear claws you. The black bear closely misses you.
The jelly hits you.
You are splashed with acid!
* * * LOW HITPOINT WARNING * * *
The black bear attacks as it pursues you!
The black bear bites you.
* * * LOW HITPOINT WARNING * * *
The black bear closely misses you. The black bear completely misses you.
The jelly attacks as it pursues you! The jelly hits you.
* * * LOW HITPOINT WARNING * * *
You are splashed with acid!
* * * LOW HITPOINT WARNING * * *
The jelly attacks as it pursues you! The jelly closely misses you.
The black bear attacks as it pursues you!
The black bear closely misses you. You furiously retaliate!
You headbutt the black bear, but do no damage.
The black bear barely misses you. The black bear claws you.
* * * LOW HITPOINT WARNING * * *
You hit the jelly.
Your hands burn!
You die...

...#.# .[.# ...#.###....# #.
#.# ...#........#
#.##.######## ..))..# ....#
#.#.......... ......##....##
##....$.......
....[))........ .............
.#.....######.## #...........
###.......###..####..........
.##.............@##.[........
..#.......#.#+#.#Jh..:.......
..#.........# #.#..####....##
..#.......#########.# #####
.######.#.'.#...#...# ##
#.#.###...###.# #
#.#)'.....#...#
#.#.#########.#
#.##..#.#.#..##


You could see a black bear and a jelly.

Vanquished Creatures
  A centaur (D:5)
  2 phantoms (D:5)
  3 bombardier beetles
  A jelly (D:5)
  2 orc priests
  3 iguanas
  3 iron imps (D:3)
  4 hounds (D:5)
  5 orc wizards
  3 scorpion zombies (D:5)
  3 hound skeletons (D:5)
  8 mummies (Ossuary)
  3 adders
  2 ufetubi (D:5)
  An adder skeleton (D:5)
  A ribbon worm (D:3)
  4 dart slugs
  20 orcs
  6 bats
  7 endoplasms
  6 giant cockroaches
  2 gnoll zombies (Ossuary)
  7 hobgoblins
  9 kobolds
  A quokka (D:2)
  3 training dummies (D:4)
  11 ball pythons
  12 frilled lizards
  10 goblins
  A hobgoblin zombie (Ossuary)
  2 kobold zombies (Ossuary)
  3 orc zombies (Ossuary)
  6 rats
155 creatures vanquished.

Notes
Turn   | Place    | Note
-------+----------+-------------------------------------------
     0 | D:1      | lordive the Minotaur Gladiator began the quest for the Orb.
     0 | D:1      | Reached XP level 1. HP: 18/18 MP: 0/0
    27 | D:1      | You fall into a shaft and drop 1 floor!
   154 | D:3      | Noticed an orc priest
   154 | D:3      | Noticed an orc wizard
   166 | D:2      | Killed an orc priest
   167 | D:2      | Reached skill level 4 in Staves
   167 | D:2      | Reached XP level 2. HP: 17/25 MP: 1/1
   167 | D:2      | Reached XP level 3. HP: 21/30 MP: 2/2
   337 | D:3      | Reached XP level 4. HP: 36/37 MP: 3/3
   343 | D:3      | Found a burning altar of Makhleb.
   483 | D:4      | Reached skill level 1 in Armour
   548 | D:4      | Found a staircase to the Ecumenical Temple.
   560 | D:4      | Reached skill level 5 in Staves
   561 | Temple   | Entered the Ecumenical Temple
   626 | D:4      | Reached XP level 5. HP: 45/45 MP: 4/4
   677 | D:4      | Found Nocrymu's Firing Range.
   959 | D:4      | Identified the +2 dire flail of Victory {flame, rC+}
  1868 | D:1      | Reached skill level 6 in Staves
  1992 | D:1      | Reached XP level 6. HP: 46/51 MP: 5/5
  2425 | D:2      | Found Icsyh Tac's Magic Scroll Shoppe.
  2432 | D:2      | Bought a scroll of noise for 12 gold pieces
  2432 | D:2      | Bought a scroll of identify for 24 gold pieces
  2432 | D:2      | Bought 2 scrolls of identify for 48 gold pieces
  2438 | D:2      | Identified a scroll of acquirement
  2767 | D:3      | Found a white marble altar of Elyvilon.
  2787 | D:3      | Found a shadowy altar of Dithmenos.
  2949 | D:3      | Reached skill level 5 in Dodging
  3039 | D:3      | Found an iron altar of Okawaru.
  3065 | D:3      | Became a worshipper of Warmaster Okawaru
  3355 | D:5      | Entered Level 5 of the Dungeon
  3363 | D:5      | Found a sacrificial altar of Ru.
  3369 | D:5      | Reached XP level 7. HP: 59/59 MP: 6/6
  3405 | D:5      | Reached skill level 7 in Staves
  3405 | D:5      | Reached skill level 1 in Invocations
  3432 | D:5      | Reached * piety under Okawaru
  3603 | D:5      | Reached XP level 8. HP: 47/67 MP: 8/8
  3604 | D:5      | Found a sand-covered staircase.
  3616 | D:5      | Reached skill level 8 in Staves
  3627 | Ossuary  | Entered an ossuary
  4142 | D:5      | HP: 1/67 [black bear (4)]
  4144 | D:5      | Splashed by a jelly's acid

Illustrated notes

Levels and vault maps discovered:
D:1:      wheals_arrival_shading, layout_loops_ring, lexackson_kobold_supper
D:2:      layout_loops_ring, serial_shops, shop, minmay_octomino_c4
D:3:      layout_rooms, marbit_many_paths, demons_altar,
          nicolae_overflow_crystal_walls, nicolae_dithmenos_the_darkroom
D:4:      layout_loops_cross, minmay_temple_entry_mist, grunt_ministairs_3,
          nicolae_shop_firing_range
D:5:      layout_rooms, mainiacjoe_overflow_small_starburst,
          mainiacjoe_ossuary_entry_find_the_door
Temple:   cyrus_circular_temple

Skill      XL: |  1  2  3  4  5  6  7  8 |
---------------+-------------------------+-----
Staves         | 4 5 6 7 8 |  8.3
Dodging        | 4 5 |  5.9
Armour         | 1 2 3 4 |  4.7
Fighting       | 3 4 |  4.7
Invocations    | 2 |  2.4
Throwing       | |  2.0

Action                     |  1- 3 |  4- 6 |  7- 9 || total
---------------------------+-------+-------+-------++-------
  Melee: Quarterstaff      |    22 |   222 |   133 ||   377
         Headbutt          |     3 |    34 |    29 ||    66
    Use: Scroll            |       |     9 |       ||     9
         Potion            |       |       |     1 ||     1
 Armour: Leather armour    |    24 |    10 |       ||    34
         Chain mail        |       |   144 |   112 ||   256
  Dodge: Dodged            |    26 |    93 |    79 ||   198
